 Seeded DCSS version 0.30-a0-859-gf88a04b62d (webtiles) character file.

Game seed: 14825015123840079673 (custom seed)

228 Darius099 the Ruffian (level 5, -3/50 HPs)
             Began as a Troll Monk on Mar 7, 2023.
             Slain by a gnoll
             ... wielding a +0 halberd
              (13 damage)
             ... on level 4 of the Dungeon.
             The game lasted 00:05:01 (1754 turns).

Darius099 the Ruffian (Troll Monk)                  Turns: 1754, Time: 00:05:02

Health: -3/50      AC:  4    Str: 19    XL:     5   Next: 70%
Magic:  4/4        EV: 10    Int:  6    God:
Gold:   147        SH:  0    Dex: 14    Spells: 4/4 levels left

rFire   + . .      SeeInvis +      - Unarmed
rCold   + . .      Faith    .    (no shield)
rNeg    . . .      Spirit   .    i - +0 robe
rPois   .          Reflect  .    (helmet restricted)
rElec   .          Rampage  .    j - scarf {rC+ rF+}
rCorr   .                        (gloves unavailable)
Will    +....                    (boots unavailable)
Stlth   ++                       g - amulet of regeneration
HPRegen 1.88/turn                q - ring of willpower
MPRegen 0.09/turn                o - ring of see invisible

@: no status effects
A: large, unfitting armour, claws 3, regeneration 1, shaggy fur 1, tough skin 1
a: no special abilities


You were on level 4 of the Dungeon.
You visited 1 branch of the dungeon, and saw 4 of its levels.

You collected 147 gold pieces.

Inventory:

Armour
 i - a +0 robe (worn)
 j - a scarf of resistance (worn)
Jewellery
 g - an amulet of regeneration (around neck)
 o - a ring of see invisible (right claw)
 q - a ring of willpower (left claw)
 t - a ring of willpower
Wands
 r - a wand of digging (1)
Scrolls
 a - a scroll of amnesia {unknown}
 c - 2 scrolls of teleportation {unknown}
 d - a scroll of identify {unknown}
 m - 4 scrolls of blinking {unknown}
 n - 2 scrolls of brand weapon {unknown}
 p - a scroll of vulnerability {unknown}
Potions
 b - a potion of ambrosia
 e - a potion of flight {unknown}
 f - 2 potions of attraction {unknown}
 h - a potion of degeneration {unknown}
 k - 2 potions of lignification {unknown}
 l - 2 potions of brilliance {unknown}
 s - 2 potions of heal wounds {unknown}
 u - a potion of might {unknown}


   Skills:
 - Level 2.5 Fighting
 - Level 2.5 Dodging
 - Level 1.1 Stealth
 + Level 6.2 Unarmed Combat


You had 4 spell levels left.
You didn't know any spells.
Your spell library contained the following spells:

 Spells                   Type           Power      Damage    Failure   Level
 Ozocubu's Armour         Ice            0%         N/A       83%         3
 Ozocubu's Refrigeration  Ice            0%         4d7       100%        7


Dungeon Overview and Level Annotations

Branches:
Dungeon (4/15)
 Temple: D:4-7

Altars:
Ru


Innate Abilities, Weirdness & Mutations

You are too large for most types of armour.
You have claws for hands.
Your natural rate of healing is unusually fast.
You are covered in fur. (AC +1)
You have tough skin. (AC +1)


Message History

The gnoll throws a throwing net.
The throwing net hits you.
You become entangled in the net!
The iguana moves out of view.
The hobgoblin moves out of view.
You see here a throwing net.
You are held in a net!
You are held in a net!
You are held in a net!
You are held in a net!
You struggle against the net.
A gnoll comes into view. It is wielding a +0 halberd.
The gnoll hits you with a +0 spear.
The gnoll hits you but does no damage. x2
You struggle against the net.
The gnoll hits you but does no damage. The gnoll hits you with a +0 flail.
The gnoll barely misses you.
You struggle against the net.
The gnoll shouts!
The gnoll barely misses you. The gnoll hits you with a +0 spear!
The gnoll hits you from afar with a +0 spear.
You shred the net and break free! The gnoll barely misses you.
The gnoll hits you with a +0 spear. The gnoll closely misses you.
The gnoll hits you from afar with a +0 spear.
You claw the gnoll!
The gnoll is almost dead.
The gnoll hits you from afar with a +0 halberd.
The gnoll hits you with a +0 spear. The gnoll barely misses you.
The gnoll hits you but does no damage.
You closely miss the gnoll.
The gnoll is almost dead.
You scratch the gnoll but do no damage.
The gnoll is almost dead.
The gnoll barely misses you.
The gnoll hits you from afar with a +0 spear.
The gnoll barely misses you. x2
You claw the gnoll!
You kill the gnoll!
The gnoll closely misses you. The gnoll hits you with a +0 spear.
The gnoll hits you from afar with a +0 spear!
* * * LOW HITPOINT WARNING * * *
You closely miss the gnoll.
The gnoll hits you from afar with a +0 halberd!
You die...

####### #......
##.########
#.###..
..........####.
#.#
#.....@g......
#.#
..>...#).g#####
#.. #####
#.#g... ###
#!#.#...# #.# .
..# #.# .. .# .
... .. # # #..
... # #


You could see 3 gnolls.

Vanquished Creatures
  Jessica (D:2)
  Ijyb (D:3)
  An iguana (D:4)
  2 orc wizards (D:4)
  A gnoll (D:4)
  3 adders
  2 dart slugs (D:2)
  4 orcs (D:4)
  5 ball pythons
  5 bats
  2 endoplasms
  2 giant cockroaches
  2 goblins
  7 hobgoblins
  11 kobolds
  4 quokkas
  2 frilled lizards (D:3)
  5 rats
60 creatures vanquished.

Notes
Turn   | Place    | Note
-------+----------+-------------------------------------------
     0 | D:1      | Darius099 the Troll Monk began the quest for the Orb.
     0 | D:1      | Reached XP level 1. HP: 22/22 MP: 0/0
   248 | D:1      | Found a faded altar of an unknown god.
   273 | D:1      | Reached XP level 2. HP: 29/29 MP: 1/1
   842 | D:2      | Reached XP level 3. HP: 36/36 MP: 2/2
   883 | D:2      | Noticed Jessica
   890 | D:2      | Killed Jessica
   891 | D:2      | Reached skill level 4 in Unarmed Combat
  1059 | D:2      | Reached XP level 4. HP: 42/44 MP: 3/3
  1197 | D:3      | Noticed Ijyb
  1208 | D:3      | Killed Ijyb
  1209 | D:3      | Reached skill level 5 in Unarmed Combat
  1478 | D:3      | Found a sacrificial altar of Ru.
  1648 | D:4      | Reached XP level 5. HP: 37/50 MP: 4/4
  1714 | D:4      | Reached skill level 6 in Unarmed Combat
  1754 | D:4      | Slain by a gnoll

Illustrated notes

Levels and vault maps discovered:
D:1:      kennysheep_arrival_seaside, layout_loops_cross, basic_ecumenical_altar
D:2:      layout_rooms, uniq_jessica
D:3:      layout_rooms, old_standard_altar, serial_glass, glass_columns_a,
          glass_columns_a, uniq_ijyb
D:4:      layout_basic, mainiacjoe_overflow_surrounded_room

Skill      XL: |  1  2  3  4  5 |
---------------+----------------+-----
Unarmed Combat | 4 5 6 |  6.2
Fighting       | |  2.5
Dodging        | |  2.5
Stealth        | |  1.1

Action                     |  1- 3 |  4- 6 || total
---------------------------+-------+-------++-------
  Melee: Unarmed           |    58 |    91 ||   149
   Stab: Sleeping          |     2 |     5 ||     7
 Armour: Robe              |    20 |    23 ||    43
  Dodge: Dodged            |    25 |    46 ||    71

Table legend: (Time is in decaauts)
 A = Elapsed time spent in this place.
 B = Non-inter-level travel time spent in this place.
 C = Inter-level travel time spent in this place.
 D = Time resting spent in this place.
 E = Time spent auto-exploring this place.
 F = Levels seen in this place.
 G = Mean time per level.
                   A        B        C        D        E       F      G
               +--------+--------+--------+--------+--------+-----+--------+
         Total |   1739 |   1687 |     52 |     13 |   1180 |   4 |  434.8 |
       Dungeon |   1739 |   1687 |     52 |     13 |   1180 |   4 |  434.8 |
               +--------+--------+--------+--------+--------+-----+--------+

Top non-repeatable levels by time:
     D:1: 747 daAuts
     D:3: 486 daAuts
     D:2: 354 daAuts
     D:4: 150 daAuts
